AoeStats
← Ken

Black Forest

509597751Analyzed
4v4 RM · 4d ago on Sep 27, 2026· 35m 9s· 8 players
Game mode
Random Map
Map size
Large (8 player)
Population
200
Speed
Normal
Resources
Standard
Victory
Conquest
Starting age
Dark Age
Ending age
Imperial Age
RankedLock teamsTeams togetherTeam positionsShared explorationLock speedFull tech treeHidden civsTurbo modeCheats
Victory
Defeat
🇬🇧 Persians · United Kingdom
1079
+17
🇯🇵 Magyars · Japan
1038
+19
🇬🇧 Vietnamese · United Kingdom
1031
+19
🇨🇭 Celts · Switzerland
1015
+19
🇬🇧 Tatars · United Kingdom
1151
-22
🇨🇳 Britons · China
1142
-20
🇬🇧 Celts · United Kingdom
1066
-17
🇨🇳 Franks · China
1015
-15
¬"M°rph!ne !? .CH
7:08 Loom
12:15 Feudal Age
15:59 Castle Age
19:01 Fletching
21:36 Arson
25:47 Scale Mail Armor
Jay_Eats
11:33 Feudal Age
17:27 Forging
28:10 Castle Age
29:20 Double-Bit Axe
SAKA
egemenbeder
11:34 Feudal Age
12:41 Loom
15:42 Castle Age
16:03 Double-Bit Axe
16:57 Scale Barding Armor
19:16 Bow Saw
19:35 Forging
20:41 Chain Barding Armor
21:05 Horse Collar
24:07 Iron Casting
29:55 Gold Mining
29:55 Stone Mining
30:09 Heavy Plow
30:46 Wheelbarrow
29:57 Town Watch
36:16 Imperial Age
34:59 Fletching
35:10 Padded Archer Armor
35:43 Bodkin Arrow
Edward794
0:30 Loom
Ken
5:19 Loom
5:26 Loom
11:28 Feudal Age
13:33 Double-Bit Axe
15:53 Castle Age
16:29 Wheelbarrow
zanzan114514
Ali26026
Connection lost

Rejoining the realm…

Still unreachable

The connection could not be restored.

Session expired

The server has moved on; the page needs a fresh start.